[Event "Late-Titled-Tuesday-Blitz-May-07-2024"]
[Site "Chess.com"]
[Date "2024.05.07"]
[Round "9"]
[White "GrotBchess"]
[Black "ameetghasi100"]
[Result "1-0"]
[WhiteElo "2532"]
[BlackElo "2762"]
[TimeControl "180+1"]
[EndTime "15:46:38 PDT"]
[Termination "GrotBchess won on time"]

1. e4 g6 2. d4 Bg7 3. c3 d6 4. Bd3 Nf6 5. Qe2 O-O 6. Nf3 Nc6 7. Nbd2 e5 8. O-O Re8 9. Re1 a6 10. a4 b6 11. Nf1 Bb7 12. Ng3 exd4 13. cxd4 Nb4 14.
Bb1 Nxe4 15. Nxe4 d5 16. Bg5 Qc8 17. Nf6+ Bxf6 18. Qxe8+ Qxe8 19. Rxe8+ Rxe8 20. Bxf6 Re2 21. h4 Rxb2 22. Be5 c6 23. Ne1 Bc8 24. Nd3 Nxd3 25. Bxd3 Rb3 26. Bf1 c5 27. dxc5 bxc5 28. Rd1 Be6 29.
Bxa6 d4 30. Bf1 Ra3 31. Bd6 Rxa4 32. Bxc5 d3 33. Rxd3 Rxh4 34. Be7 Ra4 35. Bf6 Ra8 36. Rd8+ Rxd8 37. Bxd8 h5 38. g3 Kf8 39. Kh2 Ke8 40.
Bf6 Bg4 41. Bh3 Bd1 42. f4 Kf8 43. Kg2 Bb3 44. Kf2 Ke8 45. Ke3 Ba2 46. Kd4 Bb3 47.
Ke5 Ba2 48. Kd6 Bb3 49. Kc6 Ba4+ 50. Kc7 Bb3 51. Kd6 Ba4 52. Kc7 Bb5 53. Bg5 f5 54. Kd6 Kf7 55. Bg2 Kg7 56. Bd5 Ba4 57. Ke7 Bc2 58.
Bf6+ Kh7 59. Kf8 Ba4 60. Bg7 Bb3 61. Bxb3 g5 62. fxg5 f4 63. gxf4 1-0

[Event "Late-Titled-Tuesday-Blitz-May-07-2024"]
[Site "Chess.com"]
[Date "2024.05.07"]
[Round "9"]
[White "Fore_Man"]
[Black "boguszp"]
[Result "1-0"]
[WhiteElo "2270"]
[BlackElo "2046"]
[TimeControl "180+1"]
[EndTime "15:46:38 PDT"]
[Termination "Fore_Man won on time"]

1. Nf3 d5 2. b3 Nf6 3. Bb2 g6 4. e3 Bg7 5. Be2 O-O 6. O-O b6 7. c4 Bb7 8. cxd5 Bxd5 9. Nc3 Bb7 10. d4 e6 11. Rc1 Nbd7 12. Nb5 Rc8 13. Nxa7 Ra8 14.
Nc6 Bxc6 15. Rxc6 Rxa2 16. Qb1 Qa8 17. Rxc7 Rd8 18. Rfc1 Nd5 19. Rc8 Rxc8 20. Rxc8+ Qxc8 21. Qxa2 Qc2 22. Bf1 Nf8 23. Qa3 h6 24. g3 Nd7 25.
Bc1 Bf8 26. Qa1 N7f6 27. Bc4 Ne4 28. Qb2 Qd1+ 29. Kg2 1-0

[Event "Late-Titled-Tuesday-Blitz-May-07-2024"]
[Site "Chess.com"]
[Date "2024.05.07"]
[Round "9"]
[White "DonMicheleCorleone"]
[Black "ansko1999"]
[Result "0-1"]
[WhiteElo "2495"]
[BlackElo "2651"]
[TimeControl "180+1"]
[EndTime "15:46:42 PDT"]
[Termination "ansko1999 won on time"]

1. e4 c5 2. c3 Nf6 3. e5 Nd5 4. d4 cxd4 5. Qxd4 e6 6. Nf3 Nc6 7.
Qe4 d6 8. Nbd2 Qc7 9. Nc4 dxe5 10. Ncxe5 Nxe5 11. Nxe5 a6 12. Bc4 Nf6 13. Qe2 Bd6 14.
Bf4 b5 15. Bb3 O-O 16. Rd1 Nd5 17. Bg3 Bb7 18. O-O Rad8 19. Rfe1 Rfe8 20. a3 Qb6 21. Bc2 Nf6 22. h4 h6 23. Bf4 Nd5 24. Bxh6 Bxe5 25. Qxe5 gxh6 26. Rd4 f5 27. h5 Qc7 28. Qe2 Nf6 29. Qd2 Rxd4 30. Qxd4 Ng4 31. g3 Qc6 32. f3 Qxf3 0-1

[Event "Late-Titled-Tuesday-Blitz-May-07-2024"]
[Site "Chess.com"]
[Date "2024.05.07"]
[Round "9"]
[White "GothamChess"]
[Black "KaydenTroffChess"]
[Result "1-0"]
[WhiteElo "2736"]
[BlackElo "2870"]
[TimeControl "180+1"]
[EndTime "15:46:43 PDT"]
[Termination "GothamChess won by resignation"]

1. e4 c5 2. a3 g6 3. Nc3 Bg7 4. Bc4 e6 5. d3 Ne7 6. Ba2 O-O 7. h4 d5 8. h5 Nbc6 9. hxg6 fxg6 10. Bg5 c4 11.
Nf3 Qa5 12. Qd2 d4 13. Ne2 c3 14. bxc3 dxc3 15. Qe3 Rf7 16. Bb3 Bd7 17. Nf4 Nd4 18. Nxd4 Qxg5 19. Ndxe6 Bxe6 20. Bxe6 Rf8 21. g3 Nc6 22. Nd5 Qe5 23. Bxf7+ Rxf7 24. f4 Qe6 25.
Rh2 Bd4 26. Qe2 Bc5 27. Qg2 Nd4 28. Qh3 Qa6 29. Qc8+ Bf8 30. Rf2 Qa4 31. Qxc3 Bg7 32. e5 Qd7 33. Qxd4 Kh8 34. c4 Qh3 35. Qe4 Qxg3 36. Ke2 Rf8 37. Rh1 h5 38. Rg2 Rxf4 39. Rxg3 1-0

[Event "Late-Titled-Tuesday-Blitz-May-07-2024"]
[Site "Chess.com"]
[Date "2024.05.07"]
[Round "9"]
[White "MyDream003"]
[Black "IMRosen"]
[Result "1-0"]
[WhiteElo "2828"]
[BlackElo "2636"]
[TimeControl "180+1"]
[EndTime "15:46:48 PDT"]
[Termination "MyDream003 won on time"]

1. e4 a5 2. Nf3 Ra6 3. Bxa6 Nxa6 4. O-O g6 5. c3 Bg7 6. d4 d6 7. h3 e6 8. Re1 b6 9. Nbd2 Ne7 10. Nf1 h6 11.
Ng3 Bb7 12. e5 O-O 13. Be3 Kh7 14. Qe2 Nf5 15. Nxf5 gxf5 16. Bf4 Rg8 17. Kh2 Bf8 18. Rg1 Qa8 19. Rad1 Nb8 20. a3 a4 21. Nh4 Nd7 22. Rde1 Be4 23. g4 Be7 24. g5 Qd8 25. Qh5 Qf8 26. g6+ fxg6 27. Rxg6 Rxg6 28. Qxg6+ Kh8 29. Qg3 Qg7 30. Ng6+ Kh7 31. Rg1 Bg5 32. Nh4 dxe5 33. dxe5 Bxf4 34. Qxf4 Qxe5 35. Ng6 Qxf4+ 36. Nxf4 Ne5 37.
Rd1 Nf3+ 38. Kg3 e5 39. Rd7+ Kg8 40. Nh5 Kf8 41. Nf6 f4+ 42. Kg4 Ng5 43. h4 Nf7 44.
Nxe4 Ke8 45. Nf6+ Kf8 46. Rxc7 e4 47. Nxe4 b5 48. Kf5 1-0

[Event "Late-Titled-Tuesday-Blitz-May-07-2024"]
[Site "Chess.com"]
[Date "2024.05.07"]
[Round "9"]
[White "manitodeplomo"]
[Black "WPWPWP-2015"]
[Result "1-0"]
[WhiteElo "2594"]
[BlackElo "2442"]
[TimeControl "180+1"]
[EndTime "15:46:49 PDT"]
[Termination "manitodeplomo won by checkmate"]

1. d4 Nf6 2. c4 e6 3. Nf3 b6 4. g3 Ba6 5. Qc2 Bb7 6. Bg2 Be7 7. Nc3 O-O 8. e4 Ne8 9. O-O d6 10. d5 e5 11. Ne1 Nd7 12. Nd3 c5 13. Be3 Bc8 14. f4 f6 15. Bh3 Nb8 16. Be6+ Bxe6 17. dxe6 Nc7 18. f5 b5 19. cxb5 d5 20. Nxd5 Nxd5 21.
exd5 Qxd5 22. Nxc5 Rc8 23. b4 Qd8 24. a4 a6 25. Rfd1 Qb6 26. Qe4 Ra7 27. Nd7 Qb7 28. Qxb7 Rxb7 29. Nxb8 Rcxb8 30. bxa6 Rxb4 31. a7 Ra8 32.
Rdb1 Rc4 33. Rb8+ Rc8 34. Rxc8+ Rxc8 35. Rb1 Bd6 36. Rb6 Bc7 37. Rc6 h5 38. Rxc7 Ra8 39. Rb7 Kh7 40. Rb8 h4 41. Rxa8 hxg3 42. Rh8+ Kxh8 43. a8=Q+ Kh7 44. Qg2 e4 45. Qxg3 g5 46. Bxg5 e3 47. Bxe3 Kh8 48. e7 Kh7 49. Qg6+ Kh8 50.
e8=Q# 1-0

[Event "Late-Titled-Tuesday-Blitz-May-07-2024"]
[Site "Chess.com"]
[Date "2024.05.07"]
[Round "9"]
[White "sergiochess83"]
[Black "GianmarcoVaR"]
[Result "0-1"]
[WhiteElo "2888"]
[BlackElo "2798"]
[TimeControl "180+1"]
[EndTime "15:46:51 PDT"]
[Termination "GianmarcoVaR won by checkmate"]

1. d4 Nf6 2. c4 g6 3. Nc3 Bg7 4. e4 d6 5. Be2 O-O 6. Be3 e5 7. d5 c6 8. Nf3 Ng4 9. Bc1 f5 10. O-O Nf6 11. Nd2 f4 12. c5 cxd5 13. Nxd5 dxc5 14.
Bc4 Kh8 15. Nb3 Nxe4 16. Re1 Nd6 17. Bf1 b6 18. Bd2 Nc6 19. Bc3 Be6 20. g3 Nd4 21.
Bg2 f3 22. Bxd4 cxd4 23. Bxf3 e4 24. Nf4 Bxb3 25. axb3 Rxf4 26. gxf4 exf3 27. Qxf3 a5 28.
Rac1 Qg8 29. Rc7 Nf5 30. Qc6 Rf8 31. Rd7 Qxb3 32. Qb7 Qb4 33. Re6 d3 34. Red6 Nxd6 35.
Rxd6 Qxf4 36. Qe7 Qxf2+ 37. Kh1 Qf1# 0-1

[Event "Late-Titled-Tuesday-Blitz-May-07-2024"]
[Site "Chess.com"]
[Date "2024.05.07"]
[Round "9"]
[White "GMKrikor"]
[Black "Polish_fighter3000"]
[Result "0-1"]
[WhiteElo "2836"]
[BlackElo "3107"]
[TimeControl "180+1"]
[EndTime "15:46:51 PDT"]
[Termination "Polish_fighter3000 won on time"]

1. Nf3 Nf6 2. c4 g6 3. Nc3 Bg7 4. e4 d6 5. d4 O-O 6. h3 Re8 7. Bg5 Nc6 8. d5 Nb8 9. Bd3 h6 10. Be3 e6 11. O-O exd5 12. exd5 Rxe3 13. fxe3 Qe7 14. Qd2 a5 15. Rf2 Na6 16. Raf1 Nc5 17. Nd4 Bd7 18. Bc2 Rf8 19. Rf4 Nh5 20. R4f3 Qg5 21.
Qf2 f5 22. Ncb5 c6 23. Nc7 Be5 24. Nce6 Bxe6 25. Nxe6 Nxe6 26. dxe6 Ng3 27. Rd1 Re8 28. e4 f4 29. c5 dxc5 30. Qxc5 Bd4+ 31. Qxd4 Ne2+ 32.
Kh2 Nxd4 33. Rxd4 b5 34. a4 h5 35. axb5 Qxb5 36. Bb3 Kg7 37. Rd7+ Kh6 38. e7 Qe5 39.
Bf7 Rxe7 40. Rxe7 Qxe7 41. Bc4 Qb4 42. b3 a4 0-1

[Event "Late-Titled-Tuesday-Blitz-May-07-2024"]
[Site "Chess.com"]
[Date "2024.05.07"]
[Round "9"]
[White "Durarbayli"]
[Black "BardArtem"]
[Result "1-0"]
[WhiteElo "2939"]
[BlackElo "2782"]
[TimeControl "180+1"]
[EndTime "15:46:51 PDT"]
[Termination "Durarbayli won on time"]

1. e4 c6 2. d4 d5 3. exd5 cxd5 4. c4 Nf6 5. Nc3 e6 6. Nf3 Bb4 7. cxd5 exd5 8. Bd3 O-O 9. O-O h6 10. Qb3 Nc6 11. Ne5 Bd6 12. Nxc6 bxc6 13. Na4 Re8 14. Qc2 Qc7 15. h3 Rb8 16. Nc5 Nd7 17. Nb3 a5 18.
Be3 a4 19. Nd2 Nb6 20. Rac1 Bd7 21. Bh7+ Kh8 22. Bf5 Bxf5 23. Qxf5 Kg8 24. Rc2 Re6 25. Rfc1 Nc4 26. Nxc4 dxc4 27. Rxc4 Rxb2 28. Rxa4 Re8 29. d5 c5 30. Rg4 Kf8 31. a4 Qc8 32. Qf3 Qa6 33. g3 Rb4 34. Bxc5 Bxc5 35. Rxc5 Re1+ 36. Kh2 Rbb1 37. Rf4 Qa7 38. Rc8+ Ke7 39. Rxf7+ Kd6 40. Rxa7 1-0

[Event "Late-Titled-Tuesday-Blitz-May-07-2024"]
[Site "Chess.com"]
[Date "2024.05.07"]
[Round "9"]
[White "Temirlan_Baltabaev"]
[Black "ExchangeAB"]
[Result "1-0"]
[WhiteElo "2562"]
[BlackElo "2411"]
[TimeControl "180+1"]
[EndTime "15:46:53 PDT"]
[Termination "Temirlan_Baltabaev won by resignation"]

1. d4 d5 2. Nf3 c6 3. g3 Nf6 4.
Bg2 Bf5 5. O-O e6 6. c4 h6 7.
b3 Be7 8. Bb2 O-O 9. Nc3 Ne4 10.
Ne5 Nxc3 11. Bxc3 Nd7 12. Re1 Nxe5 13. dxe5 dxc4 14. bxc4 Qxd1 15. Raxd1 Rfd8 16. e4 Bg4 17. f3 Bc5+ 18. Kf1 Bh5 19. Ke2 Kf8 20. g4 Bg6 21. f4 Ke7 22. f5 Bh7 23. Kf3 Rxd1 24. Rxd1 Rd8 25. Rxd8 Kxd8 26. h4 Be7 27. Kg3 Bg8 28.
f6 Bf8 29. g5 hxg5 30. hxg5 Bh7 31. Kf4 Bg6 32. Bf3 Kd7 33. Bd4 gxf6 34. exf6 Bd6+ 35. e5 Bb8 36. Bc5 a5 37. Be7 b5 38. cxb5 cxb5 39.
Bc5 Bc7 40. Be4 Bxe4 41. Kxe4 Ke8 42. Kd4 a4 43. Bd6 Bb6+ 44. Kc3 Be3 45. Kb4 Bxg5 46. Kxb5 Kd7 47. Bb4 Bc1 48. Kxa4 Kc6 49. Bd6 Bb2 50. Kb4 Kd5 51. a4 Bxe5 52. Bxe5 Kxe5 53. Kb5 Kd6 54. Kb6 e5 55. a5 e4 56. a6 e3 57. a7 e2 58.
a8=Q e1=Q 59. Qd8+ Ke6 60. Qe7+ Kf5 61. Qxe1 1-0

[Event "Late-Titled-Tuesday-Blitz-May-07-2024"]
[Site "Chess.com"]
[Date "2024.05.07"]
[Round "9"]
[White "h4parah5"]
[Black "Dedic8"]
[Result "1-0"]
[WhiteElo "3032"]
[BlackElo "2895"]
[TimeControl "180+1"]
[EndTime "15:46:56 PDT"]
[Termination "h4parah5 won by resignation"]

1. Nf3 d5 2. e3 Nf6 3. c4 e6 4. b3 Bd6 5. Bb2 O-O 6. Nc3 Re8 7. Rc1 c5 8. cxd5 exd5 9. d4 cxd4 10. Nxd4 Nc6 11. Bb5 Bd7 12. Nf3 Ne5 13. Bxd7 Qxd7 14. O-O Rac8 15. h3 a6 16. Nd4 Ne4 17. Nxd5 Rxc1 18.
Bxc1 Bb8 19. Nf4 Qd6 20. g3 Qh6 21. h4 Qf6 22. Bb2 h6 23. Qc2 Ng4 24. Nde6 Be5 25.
Nxg7 Qxg7 26. Qxe4 Nf6 27. Bxe5 Nxe4 28. Bxg7 Kxg7 29.
Rc1 Rd8 30. Rc2 Rd1+ 31. Kg2 b5 32. Kf3 Nf6 33. Ke2 Ra1 34. Nd3 Ne4 35. g4 a5 36.
f3 Nd6 37. e4 b4 38. Ke3 Nb5 39. Nc1 Kf6 40. f4 Nc3 41. Kd3 Ke6 42. g5 hxg5 43. hxg5 Ke7 44. f5 Kd6 45. g6 fxg6 46. fxg6 Ke7 47. e5 Kf8 48. e6 Nd5 49. Kd4 Ne7 50. Ke5 Kg7 51. Rc7 Kxg6 52. Rxe7 Rxc1 53. Ra7 Re1+ 54. Kd6 Kf6 55. Rf7+ Kg6 56. Rf2 Rd1+ 57. Kc6 Re1 58. Kd7 Rd1+ 59. Ke8 Kg7 60. e7 Rd3 61. Rg2+ Kh7 62. Rg4 Rd1 63. Kf7 Rf1+ 64. Ke6 Re1+ 65. Kf6 Rf1+ 66. Ke5 1-0

[Event "Late-Titled-Tuesday-Blitz-May-07-2024"]
[Site "Chess.com"]
[Date "2024.05.07"]
[Round "9"]
[White "Pachonpower"]
[Black "TokChess"]
[Result "1-0"]
[WhiteElo "2392"]
[BlackElo "2598"]
[TimeControl "180+1"]
[EndTime "15:46:57 PDT"]
[Termination "Pachonpower won on time"]

1. d4 d6 2. Nf3 Nf6 3. Nc3 Bg4 4. Bf4 Nbd7 5. e4 e5 6. dxe5 dxe5 7. Bd2 Bc5 8. Be2 O-O 9. O-O c6 10. h3 Bxf3 11.
Bxf3 Qc7 12. Bg5 Be7 13. Qe2 Nc5 14. Rfd1 Ne6 15. Be3 Rfd8 16. Qc4 b5 17. Qb3 Nd4 18. Bxd4 exd4 19. Ne2 Qe5 20. c3 dxc3 21. Qxc3 Bd6 22. Ng3 Qxc3 23. bxc3 Be5 24. Rxd8+ Rxd8 25. Rc1 Rd2 26.
c4 b4 27. Nf5 g6 28. Ne7+ Kg7 29. Nxc6 Bc3 30. a4 Nd7 31. Rb1 a5 32. Nxa5 Bd4 33.
Nb3 Bxf2+ 34. Kf1 Ra2 35. Be2 Be3 36. a5 Ne5 37. c5 Nc6 38. a6 h5 39. Ra1 Rb2 40. Bc4 Rc2 41. Bd5 Rf2+ 42. Ke1 Na7 43. c6 Rxg2 44. Ra4 Rb2 45. c7 Bb6 46. Rxb4 Bxc7 47.
Rb7 Bg3+ 48. Kd1 1-0

[Event "Late-Titled-Tuesday-Blitz-May-07-2024"]
[Site "Chess.com"]
[Date "2024.05.07"]
[Round "9"]
[White "SHIVACalypso"]
[Black "Der_Balak_3Halak"]
[Result "1-0"]
[WhiteElo "2534"]
[BlackElo "2395"]
[TimeControl "180+1"]
[EndTime "15:46:58 PDT"]
[Termination "SHIVACalypso won by resignation"]

1. d4 d5 2. c4 c6 3. Nf3 Nf6 4. e3 Bf5 5. Bd3 Bxd3 6. Qxd3 e6 7. O-O Bd6 8. b3 a5 9. Nbd2 O-O 10. e4 dxe4 11. Nxe4 Nxe4 12. Qxe4 h6 13. Bb2 Nd7 14. Rad1 Nf6 15. Qe2 Qe7 16. Ne5 a4 17. Ng4 axb3 18.
axb3 Ra2 19. Nxf6+ Qxf6 20. Ra1 Rfa8 21. g3 c5 22. Qd2 cxd4 23. Qxd4 Rxa1 24. Rxa1 Rxa1+ 25. Bxa1 Qxd4 26. Bxd4 e5 27. Be3 f5 28. Kf1 Kf7 29.
Ke2 Ke6 30. Kd3 e4+ 31. Kd4 b6 32. Kc3 Bc7 33. Kb4 g5 34. Kb5 f4 35. Bd4 Kd7 36. b4 h5 37. gxf4 gxf4 38. h3 h4 39. Bf6 Bd8 40. Bd4 Bc7 41. Ka6 Kc8 42. Ka7 Bd6 43.
b5 Bc7 44. c5 bxc5 45. Bxc5 Kd7 46. b6 Be5 47. b7 Kc6 48. Be7 e3 49. fxe3 fxe3 50. Bxh4 Kd5 51. Be1 Ke4 52. b8=Q Bxb8+ 53. Kxb8 Kf3 54. h4 Ke2 55. Ba5 Kf3 56. h5 e2 57.
h6 1-0

[Event "Late-Titled-Tuesday-Blitz-May-07-2024"]
[Site "Chess.com"]
[Date "2024.05.07"]
[Round "9"]
[White "MikeSailer"]
[Black "rionelG"]
[Result "1-0"]
[WhiteElo "2135"]
[BlackElo "2274"]
[TimeControl "180+1"]
[EndTime "15:46:58 PDT"]
[Termination "MikeSailer won on time"]

1. d4 d5 2. Nf3 Nf6 3. Bf4 c5 4. e3 Nc6 5. Bb5 Nd7 6. O-O a6 7. Bxc6 bxc6 8. Nc3 cxd4 9. exd4 e6 10. Na4 Be7 11.
c3 O-O 12. b4 a5 13. a3 Ba6 14. Re1 Bb5 15. Nc5 Nxc5 16. dxc5 Qc8 17. Nd4 Bc4 18. Qg4 Re8 19. Re3 Bf6 20. Bg5 Bxg5 21. Qxg5 f6 22.
Qh4 e5 23. Ne2 axb4 24. cxb4 d4 25. Re4 Bd3 26. Ng3 Bxe4 27. Nxe4 Qf5 28. Nd6 Qc2 29. Nxe8 Rxe8 30. Qh5 g6 31. Qh4 Qb2 32. Rf1 Kg7 33. Qe4 Qxa3 34. Qxc6 Re7 35. Qd6 Rf7 36. c6 Qc3 37. b5 1-0

[Event "Late-Titled-Tuesday-Blitz-May-07-2024"]
[Site "Chess.com"]
[Date "2024.05.07"]
[Round "9"]
[White "WilsonPalencia21"]
[Black "NMJeevanK"]
[Result "1-0"]
[WhiteElo "2582"]
[BlackElo "2749"]
[TimeControl "180+1"]
[EndTime "15:46:59 PDT"]
[Termination "WilsonPalencia21 won by resignation"]

1. d4 h5 2. c4 a5 3. Nc3 Nf6 4. e4 d6 5. f3 Nc6 6. Be3 e5 7.
d5 Ne7 8. Qd2 Ng6 9. Bd3 h4 10.
Nge2 h3 11. g3 b6 12. O-O-O Bd7 13. Kb1 a4 14. Rhf1 a3 15. b3 Qb8 16. Nb5 Bxb5 17.
cxb5 Nd7 18. Rc1 Nc5 19. b4 Nxd3 20. Qxd3 Be7 21. Rc4 O-O 22. Ng1 Qc8 23. Rfc1 Bd8 24. Bxb6 Qb7 25. Bxc7 Qxb5 26. Bxd6 Re8 27. R4c3 Qa4 28. b5 Qa7 29. Rxa3 Ba5 30. Bb4 Qb6 31. Bxa5 Rxa5 32. Rxa5 Qxa5 33. Ne2 Ra8 34. Nc3 Qb4+ 35. Ka1 Ra3 36. Qc2 Nf8 37. Qb2 Qa5 38. b6 Nd7 39. b7 Nb8 40. Nb1 Ra4 41. Rc8+ Kh7 42.
Rxb8 Rb4 43. Rh8+ Kg6 44. b8=Q Rxb2 45. Qxb2 Qc7 46. Rb8 f6 47. Rb3 Qd6 48. a4 Qa6 49. Ra3 Qa5 50. Qc3 Qa7 51. a5 Kh5 52. a6 Qg1 53.
Qd2 Qa7 54. Qe3 Qc7 55. a7 g5 56. g4+ Kg6 57. a8=Q f5 58. Qc6+ Qxc6 59. dxc6 Kh7 60. Qxg5 1-0

[Event "Late-Titled-Tuesday-Blitz-May-07-2024"]
[Site "Chess.com"]
[Date "2024.05.07"]
[Round "9"]
[White "CarlosjPineror"]
[Black "ChadBiryani"]
[Result "0-1"]
[WhiteElo "2642"]
[BlackElo "2562"]
[TimeControl "180+1"]
[EndTime "15:46:59 PDT"]
[Termination "ChadBiryani won on time"]

1. e4 c5 2. Nf3 d6 3. d4 cxd4 4.
Nxd4 Nf6 5. Nc3 Nc6 6. Bg5 g6 7. Nxc6 bxc6 8. e5 dxe5 9. Qxd8+ Kxd8 10. Bc4 Ke8 11. O-O-O Nd7 12. Rhe1 f6 13. Be3 h5 14. a4 Bh6 15. Bxh6 Rxh6 16. a5 Nc5 17. b4 Be6 18.
Bxe6 Nxe6 19. Ne4 Rb8 20. c3 c5 21. Nxc5 Nxc5 22. bxc5 Rb5 23. c6 Rc5 24. Kc2 Rxc6 25. Rb1 Ra6 26. Rb5 Kf7 27. Rd1 Ke6 28.
Kb3 Rh8 29. c4 Rc8 30. Kb4 Rac6 31. Rc1 R8c7 32. c5 e4 33. Rb8 f5 34. g3 Kf6 35.
Kb5 e5 36. a6 f4 37. Rb7 Kf5 38. Rxc7 Rxc7 39. c6 e3 40. f3 g5 41. Kc5 e4 42.
fxe4+ Kxe4 43. gxf4 gxf4 44. Kd6 Rc8 45. c7 f3 46. Kc6 f2 47. Kb7 Rxc7+ 48. Kxc7 e2 49. Kb7 e1=Q 0-1

[Event "Late-Titled-Tuesday-Blitz-May-07-2024"]
[Site "Chess.com"]
[Date "2024.05.07"]
[Round "9"]
[White "nitpicker"]
[Black "imdvb6307"]
[Result "0-1"]
[WhiteElo "2288"]
[BlackElo "2501"]
[TimeControl "180+1"]
[EndTime "15:46:59 PDT"]
[Termination "imdvb6307 won on time"]

1. d4 d5 2. c4 c6 3. Nf3 Nf6 4. Qb3 dxc4 5. Qxc4 Bf5 6. Nc3 e6 7. Qb3 Qb6 8. Nd2 Qxb3 9. Nxb3 Nbd7 10. Bf4 Nd5 11. Bd2 Bb4 12. f3 Bc2 13. e4 Bxb3 14.
axb3 N5b6 15. Be2 a6 16. O-O Rd8 17. Be3 O-O 18. Na4 Nxa4 19. bxa4 c5 20. Rfd1 cxd4 21. Bxd4 Bc5 22. Rac1 Bxd4+ 23. Rxd4 Ne5 24. Rxd8 Rxd8 25. Rc7 Rb8 26. b4 g5 27. Kf2 Kg7 28. g3 Kf6 29.
Ke3 Nc6 30. b5 axb5 31. axb5 Na7 32. f4 gxf4+ 33. gxf4 Kg6 34. e5 Nc8 35. Bd3+ Kg7 36. f5 Nb6 37. f6+ Kg8 38. Be4 Ra8 39. Rxb7 Nc4+ 40. Kd4 Rc8 41. Bc6 Na5 42. Kc5 Nxb7+ 43. Kb6 Nd8 44. Bd7 Rc3 0-1

[Event "Late-Titled-Tuesday-Blitz-May-07-2024"]
[Site "Chess.com"]
[Date "2024.05.07"]
[Round "9"]
[White "bancsoo"]
[Black "kemelgallo"]
[Result "1-0"]
[WhiteElo "2858"]
[BlackElo "2666"]
[TimeControl "180+1"]
[EndTime "15:47:00 PDT"]
[Termination "bancsoo won on time"]

1. d4 d5 2. Nf3 Nf6 3. Bf4 c5 4.
e3 e6 5. c3 Nc6 6. Nbd2 Nh5 7. Bg5 f6 8. Bh4 cxd4 9. cxd4 Bd6 10.
Rc1 O-O 11. Bd3 g5 12. Bg3 Nxg3 13. hxg3 f5 14. g4 fxg4 15. Ng1 e5 16. Bxh7+ Kg7 17. dxe5 Nxe5 18. Bb1 Qf6 19. Qe2 Bf5 20. e4 Rac8 21. Rd1 Bg6 22. exd5 Bxb1 23. Rxb1 Bb4 24. Kd1 Ng6 25. Qd3 Bxd2 26. Kxd2 Qf4+ 27. Kd1 Rcd8 28.
Ne2 Qxf2 29. Rc1 Rf5 30. Rc7+ Kg8 31. d6 Rf7 32. Rxf7 Qxf7 33. Nc3 Nf4 34. Qd4 Qg7 35. Qc4+ Qf7 36. Rh8+ Kg7 37. Rh7+ Kxh7 38. Qxf7+ Kh6 39.
d7 Ng6 40. Ne4 Ne5 41. Qf6+ Kh5 42. Qxd8 1-0

[Event "Late-Titled-Tuesday-Blitz-May-07-2024"]
[Site "Chess.com"]
[Date "2024.05.07"]
[Round "9"]
[White "ImportedItalianMaple"]
[Black "Fins0905"]
[Result "0-1"]
[WhiteElo "2548"]
[BlackElo "2740"]
[TimeControl "180+1"]
[EndTime "15:47:00 PDT"]
[Termination "Fins0905 won by resignation"]

1. e4 d5 2. exd5 Qxd5 3. Nc3 Qa5 4. d4 Nf6 5. Nf3 Bf5 6. Bc4 e6 7. Bd2 Bb4 8. O-O Nc6 9. a3 Bxc3 10. Bxc3 Qb6 11. Qe2 O-O-O 12. Ne5 Nxe5 13. dxe5 Nd5 14. Bxd5 exd5 15. b4 d4 16. Bb2 Qg6 17. Rfd1 Bxc2 18.
Rxd4 Rxd4 19. Bxd4 Rd8 20. Bxa7 Bd3 21. Qe3 b6 22. a4 Kb7 23. a5 Bb5 24. axb6 cxb6 25. h4 Ra8 26. h5 Qe6 27. Rc1 Rxa7 28. Qe4+ Bc6 29. Qxh7 Qxe5 30. Qc2 Qe4 31. Qxe4 Bxe4 32. Re1 Bd5 33. Re7+ Kb8 34. Re5 Bc4 35. Re4 b5 36. Re8+ Kc7 37. Rg8 Kd6 38. Rxg7 Ke6 39. h6 Kf6 40. g4 Bd3 41. Kh2 Ra4 42. Kg3 Rxb4 43. g5+ Ke6 44. f4 Rb3 45. Kg4 Bf5+ 0-1

[Event "Late-Titled-Tuesday-Blitz-May-07-2024"]
[Site "Chess.com"]
[Date "2024.05.07"]
[Round "9"]
[White "Zampronha1971"]
[Black "yaguigor"]
[Result "0-1"]
[WhiteElo "2459"]
[BlackElo "2597"]
[TimeControl "180+1"]
[EndTime "15:47:04 PDT"]
[Termination "yaguigor won on time"]

1. e4 d6 2. d4 Nf6 3. Nc3 c6 4.
f4 Qa5 5. Bd3 Bg4 6. Nf3 e5 7. Be3 Nbd7 8. O-O Be7 9. h3 exf4 10.
Bxf4 Bh5 11. a3 O-O 12. Qe1 Rae8 13. Qg3 Qb6 14. Kh1 Bxf3 15. gxf3 Qxd4 16. Rg1 Nh5 17. Qg4 Nxf4 18. Qxf4 g6 19. Rab1 Qe5 20. Qg4 Nf6 21. Qg2 Nh5 22. Ne2 Nf4 23. Qh2 Nxd3 24. cxd3 Qxh2+ 25. Kxh2 d5 26. Nc3 Bf6 27. Rge1 Be5+ 28. Kg2 d4 29.
Na4 b6 30. b4 Bf4 31. Re2 Re6 32. Nb2 b5 33. Rc2 Ra8 34. a4 a5 35. bxa5 Rxa5 36.
axb5 cxb5 37. Nd1 Rea6 38. Nf2 Ra2 39. Rbb2 Rxb2 40. Rxb2 Ra5 41. Ng4 Kg7 42. Rb4 h5 43.
Nf2 Be3 44. Nd1 Ra1 45. Nxe3 dxe3 46. Rb2 Rd1 47. f4 Rd2+ 0-1

[Event "Late-Titled-Tuesday-Blitz-May-07-2024"]
[Site "Chess.com"]
[Date "2024.05.07"]
[Round "9"]
[White "Veleamater"]
[Black "Hirna2005"]
[Result "0-1"]
[WhiteElo "2428"]
[BlackElo "2343"]
[TimeControl "180+1"]
[EndTime "15:47:04 PDT"]
[Termination "Hirna2005 won on time"]

1. g3 g6 2. Bg2 Bg7 3. d3 e5 4. Nc3 f5 5. e4 d6 6. f4 Nc6 7.
Nf3 exf4 8. gxf4 fxe4 9. dxe4 Nf6 10. O-O O-O 11. h3 Nh5 12. Nd5 Be6 13. Ng5 Bd7 14. Be3 h6 15. Nf3 Ng3 16. Rf2 Nxe4 17. Re2 Ng3 18. Re1 Nf5 19. Bf2 Rb8 20. c3 Kh7 21.
Qd3 Nfe7 22. Nh4 Bf5 23. Nxf5 Nxf5 24. Re4 Nce7 25. Rae1 Nxd5 26. Qxd5 Qd7 27. Qd3 a6 28. h4 h5 29. Bh3 Qf7 30. Re6 Nh6 31. Bg3 Rbe8 32.
Qd5 Nf5 33. Rxe8 Qxd5 34. Rxf8 Bxf8 35. Bg2 Qc5+ 36. Bf2 Qc4 37. a3 Qxf4 38. Rf1 Nxh4 39. Bd4 Qg4 40. Rf7+ Kg8 41. Rf2 Bh6 42. Kh1 c5 43.
Bd5+ Kh7 44. Rf7+ Bg7 45. Rxg7+ Kh6 46. Bg1 Kxg7 0-1

[Event "Late-Titled-Tuesday-Blitz-May-07-2024"]
[Site "Chess.com"]
[Date "2024.05.07"]
[Round "9"]
[White "lamomiajunior"]
[Black "Blackmind96"]
[Result "1-0"]
[WhiteElo "2777"]
[BlackElo "2880"]
[TimeControl "180+1"]
[EndTime "15:47:05 PDT"]
[Termination "lamomiajunior won by checkmate"]

1. d4 Nf6 2. Nc3 e6 3. Bf4 d5 4.
Nb5 Na6 5. e3 c6 6. Nc3 Nb8 7.
Nf3 a6 8. Bd3 c5 9. dxc5 Bxc5 10. O-O Nbd7 11. e4 dxe4 12. Nxe4 Nxe4 13. Bxe4 O-O 14.
Qe2 Nf6 15. Rad1 Qe7 16. c3 Nxe4 17. Qxe4 f6 18. Be3 Bxe3 19. Qxe3 e5 20. Rfe1 Be6 21. b3 Rfd8 22. c4 Rxd1 23. Rxd1 Rd8 24. Rxd8+ Qxd8 25. Qd2 Qc7 26. h3 b5 27. cxb5 axb5 28. Qb4 Qc1+ 29. Kh2 Qc6 30. Nd2 Bd5 31. f3 h6 32. a4 bxa4 33.
bxa4 Kh7 34. a5 f5 35. Nb3 Qc2 36. Nd2 e4 37. fxe4 fxe4 38. Qd4 Qc7+ 39. g3 Qxa5 40. Nxe4 Qa2+ 41. Nf2 Bf7 42. g4 Bg6 43. Qe3 Qc2 44.
Kg3 Qc7+ 45. Qf4 Qc3+ 46. Qf3 Qe1 47. Kg2 Kh8 48. Qf8+ Kh7 49. Qf4 Kg8 50. Qb8+ Be8 51. Qf4 Bc6+ 52. Kh2 Qe2 53. Qg3 Qf1 54. Qg1 Qe2 55. Qg3 Bf3 56. Qb8+ Kh7 57. Qb1+ g6 58. Qb6 h5 59. Qc7+ Kh6 60. Kg3 Bd5 61. g5+ Kxg5 62. Qf4# 1-0

[Event "Late-Titled-Tuesday-Blitz-May-07-2024"]
[Site "Chess.com"]
[Date "2024.05.07"]
[Round "9"]
[White "karinachess1"]
[Black "Kirill_Klukin"]
[Result "0-1"]
[WhiteElo "2592"]
[BlackElo "2815"]
[TimeControl "180+1"]
[EndTime "15:47:06 PDT"]
[Termination "Kirill_Klukin won by resignation"]

1. d4 e6 2. c4 f5 3. Nf3 Nf6 4.
g3 b6 5. Bg2 Bb4+ 6. Nbd2 Bb7 7. O-O O-O 8. a3 Be7 9. Qc2 a5 10. b3 h6 11. Bb2 d6 12. d5 exd5 13. Qxf5 Qd7 14. Qg6 Qe8 15. Qxe8 Rxe8 16. Nd4 Na6 17.
Nf5 Bd8 18. e3 Nc5 19. Rad1 dxc4 20. Bxb7 Nxb7 21. Nxc4 Nc5 22. Nd2 Kf7 23. Rb1 Nd3 24. Bd4 h5 25. b4 g6 26. Nh4 axb4 27. axb4 Nd5 28. b5 Bf6 29. Nhf3 Nc5 30. Bxf6 Kxf6 31. Nd4 Ra2 32. N2f3 Rea8 33. h4 Nc3 34. Rbc1 R8a3 35.
Rc2 N5e4 36. Rxa2 Rxa2 37. Rc1 Rb2 38. Rf1 Nxb5 39. Nxb5 Rxb5 40. Nd4 Rb2 41. Kg2 Nc5 42. Rd1 b5 43. Kf3 b4 44. Rc1 b3 45. Rc3 Rb1 46.
Nb5 b2 47. Rb3 Nxb3 0-1